 Dungeon Crawl Stone Soup version 0.28.0-62-gf88900778d (webtiles) character file.

Game seed: 9937037339702420885

16108 cbfl8 the Basher (level 12, -9/114 HPs)
             Began as a Gargoyle Berserker on Aug 15, 2023.
             Was a High Priest of Trog.
             Mangled by a hog (14 damage)
             ... led by Kirke
             ... on level 12 of the Dungeon.
             The game lasted 00:14:23 (15207 turns).

cbfl8 the Basher (Gargoyle Berserker)              Turns: 15207, Time: 00:14:24

Health: -9/114     AC:  0    Str: 22    XL:     12   Next: 34%
Magic:  12/12      EV: 14    Int:  8    God:    Trog [*****.]
Gold:   807        SH:  0    Dex: 13    Spells: 11/11 levels left

rFire   . . .      SeeInvis .   (weapon currently unavailable)
rCold   . . .      Faith    .   (shield currently unavailable)
rNeg    + . .      Spirit   .   (armour currently unavailable)
rPois   ∞          Reflect  .   (helmet currently unavailable)
rElec   .          Harm     .   (cloak currently unavailable)
rCorr   .          Rampage  .   (gloves currently unavailable)
Will    .....                   (boots currently unavailable)
Stlth   ..........              (no amulet)
HPRegen 0.29/turn               (ring currently unavailable)
MPRegen 0.13/turn               (ring currently unavailable)

@: berserking, pig-form, slowed, very quick
A: fast, no casting, sickness immunity, AC +8, small, negative energy resistance
1, (electricity resistance), torment resistance 1, petrification resistance
a: Renounce Religion, Berserk, Trog's Hand, Brothers in Arms


You were on level 12 of the Dungeon.
You worshipped Trog.
Trog was extremely pleased with you.
You were a filthy swine.
You visited 1 branch of the dungeon, and saw 12 of its levels.
You also visited: Ossuary.

You collected 807 gold pieces.

Inventory:

Hand Weapons
 m - a +1 flail of venom (melded)
 H - a +0 morningstar
Armour
 l - a +0 kite shield (melded)
 n - a +0 cloak (melded)
 u - a +0 pair of boots (melded)
 x - a +2 pair of gloves (melded)
 E - a +0 plate armour (melded)
 K - a +2 hat (melded)
Jewellery
 c - a +4 ring of evasion (melded)
 B - a +4 ring of protection (melded)
Wands
 a - a wand of iceblast (4) (quivered)
 h - a wand of charming (22)
 C - a wand of paralysis (4)
 I - a wand of flame (16)
Scrolls
 b - a scroll of fog {unknown}
 d - 3 scrolls of noise {unknown}
 f - a scroll of teleportation
 j - 2 scrolls of fear
 p - a scroll of torment {unknown}
 r - 2 scrolls of brand weapon {unknown}
 w - 2 scrolls of enchant armour
 z - a scroll of vulnerability {unknown}
 J - a scroll of acquirement {unknown}
Potions
 e - 2 potions of flight
 g - 3 potions of haste
 i - 2 potions of resistance {unknown}
 k - 2 potions of attraction {unknown}
 o - 5 potions of curing {unknown}
 q - 4 potions of cancellation {unknown}
 s - 3 potions of invisibility {unknown}
 t - 5 potions of heal wounds {unknown}
 v - 2 potions of degeneration {unknown}
 A - a potion of magic {unknown}
 D - a potion of brilliance {unknown}
 F - 3 potions of might {unknown}
 N - a potion of berserk rage {unknown}


   Skills:
 + Level 9.2 Fighting
 + Level 12.9 Maces & Flails
 + Level 10.3 Armour
 - Level 1.5 Dodging
 + Level 4.6 Stealth
 + Level 0.2 Shields
 * Level 8.0 Evocations


You had 11 spell levels left.
You didn't know any spells.
Your spell library was empty.

Dungeon Overview and Level Annotations

Branches:
Dungeon (12/15)            Temple (0/1) D:5            Lair (0/6) D:10
    Orc (0/2) D:12        Ossuary (visited)

Altars:
Ashenzari
Qazlal
Ru
Trog
Wu Jian
The Shining One

Shops:
D:6 [   D:9 *

Annotations:
D:12 Kirke


Innate Abilities, Weirdness & Mutations

You are a filthy swine.
You move quickly.
Your equipment is almost entirely melded.
You are incapable of wielding weapons or throwing items.
You cannot cast spells.
You are immune to sickness and miasma.
((Your stone body is resilient. (AC +8)))
You are immune to poison.
You resist negative energy. (rN+)
((You are resistant to electric shocks. (rElec)))
You are resistant to unholy torment.
You are immune to petrification.


Message History

You closely miss Kirke.
Kirke is heavily wounded.
The hog closely misses you. x2; The hog misses you.
Unknown command.
You hit Kirke.
Kirke is heavily wounded.
Kirke hits you with a +3 hand axe! The hog misses you.
Unknown command.
You bite Kirke!
Kirke is heavily wounded.
The hog bites you! x2; The hog bites you.
Unknown command.
You barely miss Kirke.
Kirke is heavily wounded.
The hog barely misses you.
Kirke points at you and mumbles some strange words.
You struggle to resist.
The hog closely misses you. x2
Unknown command.
You bite Kirke!
Kirke is severely wounded.
The hog bites you! x2
You completely miss Kirke.
Kirke is severely wounded.
The hog bites you!
* * * LOW HITPOINT WARNING * * *
Kirke mumbles some strange words.
Kirke summons a manticore!
The hog barely misses you. The hog closely misses you.
You bite Kirke!
Kirke is severely wounded.
The hog closely misses you. The hog bites you!
* * * LOW HITPOINT WARNING * * *
The hog bites you!
* * * LOW HITPOINT WARNING * * *
The hog barely misses you.
Kirke points at you and mumbles some strange words.
You feel yourself slow down.
Unknown command.
The hog bites you!
You die...

#######
#.....#
#.....#
#..hh.########
#.h.@.C......#
#..hh.######C'
#.H...#
#.....#
#.....#
#.....#
#.....#
#####'####
#.....#


You could see Kirke, a manticore (summoned), a cyclops and 4 hogs.

Vanquished Creatures
  A boulder beetle (D:12)
  A centaur warrior (D:10)
  2 two-headed ogres
  Nergalle (D:11)
  2 skeletal warriors (D:12)
  2 orc sorcerers (D:11)
  A cyclops (D:12)
  A gargoyle (D:12)
  An unseen horror (D:12)
  2 kobold demonologists
  6 trolls
  11 yaks
  2 shadows
  3 wyverns (D:9)
  7 vampire mosquitoes (D:10)
  3 acid dragons
  4 water moccasins
  Duvessa (D:7)
  3 orc warriors
  4 ice beasts
  3 sky beasts
  4 black bears
  A hornet zombie (D:8)
  5 ogres
  2 wolves (D:9)
  2 necrophages
  A phantom (D:4)
  2 bullfrogs
  4 kobold brigands
  A gnoll sergeant (D:12)
  2 scorpions
  Dowan (D:7)
  2 howler monkeys
  6 centaur zombies
  A bullfrog zombie (D:5)
  A centaur skeleton (D:5)
  3 jellies
  Crazy Yiuf (D:3)
  3 orc priests
  3 iguanas
  Jessica (D:3)
  2 human zombies (Ossuary)
  Terence (D:3)
  3 orc wizards
  2 mummies (Ossuary)
  A howler monkey zombie (D:6)
  7 gnolls
  A howler monkey skeleton (D:5)
  6 adders
  A shadow imp (D:8)
  3 adder zombies (Ossuary)
  An adder skeleton (D:4)
  2 worms
  3 dart slugs
  24 orcs
  3 endoplasms (D:4)
  6 giant cockroaches
  8 goblins
  4 hobgoblins
  2 jackals (D:4)
  26 kobolds
  A quokka (D:4)
  7 ball pythons
  6 bats
  2 frilled lizards (D:1)
  A goblin zombie (Ossuary)
  9 hobgoblin zombies (Ossuary)
  A jackal zombie (Ossuary)
  11 kobold zombies (Ossuary)
  8 orc zombies (Ossuary)
  6 rats
  A rat zombie (Ossuary)
266 creatures vanquished.

Vanquished Creatures (others)
  4 fungi (D:10)
  13 plants (D:10)
17 creatures vanquished.

Grand Total: 283 creatures vanquished

Notes
Turn   | Place    | Note
-------+----------+-------------------------------------------
     0 | D:1      | cbfl8 the Gargoyle Berserker began the quest for the Orb.
     0 | D:1      | Reached XP level 1. HP: 14/14 MP: 1/1
   229 | D:1      | Reached XP level 2. HP: 15/19 MP: 2/2
   961 | D:2      | Reached XP level 3. HP: 24/24 MP: 3/3
  1083 | D:2      | Found a stormy altar of Qazlal.
  1088 | D:2      | Reached ** piety under Trog
  1340 | D:2      | Reached skill level 1 in Evocations
  1340 | D:2      | Reached XP level 4. HP: 21/29 MP: 4/4
  1553 | D:3      | Noticed Jessica
  1561 | D:3      | Noticed Terence
  1787 | D:3      | Killed Terence
  1788 | D:3      | Reached skill level 4 in Maces & Flails
  2131 | D:3      | Killed Jessica
  2132 | D:3      | Reached skill level 1 in Stealth
  2132 | D:3      | Reached XP level 5. HP: 31/33 MP: 5/5
  2415 | D:3      | Noticed a black bear
  2424 | D:3      | Killed a black bear
  2425 | D:3      | Reached XP level 6. HP: 39/39 MP: 6/6
  2551 | D:3      | Found a faded altar of an unknown god.
  2564 | D:3      | Reached skill level 5 in Maces & Flails
  2675 | D:3      | Found a runed translucent door.
  2676 | D:3      | Noticed Crazy Yiuf
  2683 | D:3      | Killed Crazy Yiuf
  2837 | D:4      | Reached XP level 7. HP: 25/44 MP: 7/7
  2869 | D:4      | Found a sand-covered staircase.
  2875 | Ossuary  | Entered an ossuary
  3305 | Ossuary  | Reached skill level 5 in Fighting
  3486 | Ossuary  | Reached *** piety under Trog
  3523 | D:4      | Reached skill level 6 in Maces & Flails
  4109 | D:4      | Found a broken altar of Ashenzari.
  4157 | D:4      | Found a glowing golden altar of the Shining One.
  4269 | D:5      | Entered Level 5 of the Dungeon
  4279 | D:5      | Reached XP level 8. HP: 49/49 MP: 8/8
  4409 | D:5      | Found a staircase to the Ecumenical Temple.
  5022 | D:5      | Reached skill level 7 in Maces & Flails
  5766 | D:6      | Found Afemn's Armour Emporium.
  5990 | D:6      | Reached skill level 8 in Maces & Flails
  5991 | D:6      | Reached skill level 5 in Armour
  5991 | D:6      | Reached XP level 9. HP: 43/55 MP: 9/9
  7168 | D:7      | Reached **** piety under Trog
  7455 | D:7      | Noticed Dowan
  7455 | D:7      | Noticed Duvessa
  7465 | D:7      | Killed Dowan
  7468 | D:7      | Killed Duvessa
  7738 | D:8      | Reached skill level 9 in Maces & Flails
  7790 | D:8      | Reached skill level 5 in Evocations
  8555 | D:8      | Reached XP level 10. HP: 48/61 MP: 10/10
  8652 | D:8      | Found a sacrificial altar of Ru.
  8856 | D:9      | Noticed a two-headed ogre
  8865 | D:9      | Killed a two-headed ogre
  8866 | D:9      | Reached skill level 10 in Maces & Flails
  9153 | D:9      | Found Qoil's Elemental Accessories.
  9668 | D:10     | Entered Level 10 of the Dungeon
  9668 | D:10     | Noticed a kobold demonologist
  9672 | D:10     | Noticed an orange demon
  9807 | D:10     | Noticed a centaur warrior
  9815 | D:10     | Killed a centaur warrior
 10159 | D:9      | Reached skill level 11 in Maces & Flails
 10405 | D:9      | Reached ***** piety under Trog
 10598 | D:9      | Reached XP level 11. HP: 54/68 MP: 11/11
 11259 | D:10     | Found a staircase to the Lair.
 11853 | D:10     | Found an ornate altar of the Wu Jian Council.
 12437 | D:11     | Noticed an orc sorcerer
 12452 | D:11     | Paralysed by an orc sorcerer for 5 turns
 12453 | D:11     | Killed an orc sorcerer
 12486 | D:11     | Found a bloodstained altar of Trog.
 12532 | D:11     | Noticed an orc sorcerer
 12541 | D:11     | Killed an orc sorcerer
 12542 | D:11     | Reached skill level 12 in Maces & Flails
 12551 | D:11     | Identified the +6 scale mail of Konihegg {Contam Fly rF-
                  | rN+++ SInv}
 12569 | D:11     | Noticed a two-headed ogre
 12583 | D:11     | Killed a two-headed ogre
 12997 | D:11     | Noticed Nergalle
 13009 | D:11     | Killed Nergalle
 13918 | D:12     | Noticed Kirke
 14166 | D:12     | Reached XP level 12. HP: 70/75 MP: 12/12
 14198 | D:12     | Reached skill level 10 in Armour
 14201 | D:12     | Found a staircase to the Orcish Mines.
 14416 | D:12     | Noticed a boulder beetle
 14434 | D:12     | Killed a boulder beetle
 15206 | D:12     | HP: 5/114 [hog[Kirke] (14)]
 15207 | D:12     | Mangled by a hog

Illustrated notes

Levels and vault maps discovered:
D:1:      lightli_arrival_flooded_house, layout_loops_ring, minmay_3d_cube
D:2:      layout_basic, basic_altar
D:3:      layout_rooms, ebering_ecumenical_altar_rust, uniq_terence,
          uniq_jessica, uniq_crazy_yiuf_cottage
D:4:      layout_basic, mainiacjoe_overflow_alcove_4,
          mainiacjoe_overflow_tiny_flanked, lightli_ossuary_entry_decrepit_ruins
D:5:      layout_gridville, minmay_temple_entry_wispy, hangedman_decor_opposing,
          corexii_item_surrounded_by_moat, minivault_25, hex_tiny
D:6:      layout_rooms, serial_shops, nicolae_take_the_stairs
D:7:      layout_loops_corners, uniq_duvessa
D:8:      layout_loops_ring, mainiacjoe_overflow_surrounded_room
D:9:      layout_basic, nicolae_elemental_shop
D:10:     layout_basic, mainiacjoe_overflow_six_doors_small,
          minmay_lair_entry_grove, pond
D:11:     cheibrodos_wizards_tower, layout_small_grid, trog_hazing_becter,
          uniq_nergalle
D:12:     layout_roguey, orc_0_dummy, hangedman_decor_diamond_cutter, uniq_kirke

Skill      XL: |  1  2  3  4  5  6  7  8  9 10 11 12 |
---------------+-------------------------------------+-----
Fighting       | 4 5 6 7 8 9 |  9.2
Evocations     | 1 2 3 4 5 6 7 8 |  8.0
Maces & Flails | 4 5 6 8 9 11 12 | 12.9
Stealth        | 1 2 3 4 |  4.6
Armour         | 3 4 5 6 8 9 10 | 10.3
Dodging        | |  1.5
Shields        | |  0.2

Action                   |  1- 3 |  4- 6 |  7- 9 | 10-12 || total
-------------------------+-------+-------+-------+-------++-------
Melee: Mace              |    98 |    51 |       |       ||   149
       Punch             |       |     4 |     9 |    10 ||    23
       Flail             |       |    49 |   450 |   578 ||  1077
       Unarmed           |       |       |       |     9 ||     9
Invok: Berserk           |       |     6 |     7 |     7 ||    20
       Trog's Hand       |       |     1 |       |       ||     1
Evoke: Wand              |       |       |       |    15 ||    15
  Use: Scroll            |     3 |     2 |     3 |     4 ||    12
 Stab: Sleeping          |     1 |       |       |       ||     1
       Paralysed         |       |       |       |    12 ||    12
Armor: Animal skin       |    16 |       |       |       ||    16
       Ring mail         |    12 |    12 |       |       ||    24
       Scale mail        |       |    25 |   204 |       ||   229
       Plate armour      |       |       |       |   600 ||   600
Dodge: Dodged            |    72 |    77 |   326 |   375 ||   850
Block: Kite shield       |       |       |       |     9 ||     9
